 Dungeon Crawl Stone Soup version bcrawl-1.31.4 (webtiles) character file.

Game seed: 2957080575566543616

10019316 RaHiT the Archmage (level 27, -1/171 HPs)
             Began as a Fairy Warper on May 28, 2021.
             Was the Champion of Makhleb.
             Slain by an Executioner (4 damage)
             ... on level 20 of a ziggurat on June 1, 2021.
             The game lasted 20:13:24 (83200 turns).

RaHiT the Archmage (Fairy Warper)                  Turns: 83200, Time: 20:13:25

Health: -1/171     AC: 14    Str: 23    XL:     27
Magic:  40/56      EV: 36    Int: 31    God:    Makhleb [******]
Gold:   16856      SH: 26    Dex: 18    Spells: 5/80 levels left

rFire    + . .     SeeInvis +   b - +9 hand crossbow (velocity)
rCold    + . .     Gourm    .   G - +3 buckler "Taproumaub" {Str+7}
rNeg     + + .     Faith    .   (armour unavailable)
rPois    +         Spirit   .   U - +1 hat "Cyrchees" {rC+ Dex+2 Slay+2}
rElec    +         Reflect  .   t - scarf {repulsion}
rCorr    .         Harm     .   V - +1 pair of gauntlets of War {Slay+6}
MR       +++..                  o - +2 pair of boots {Stlth++}
Stlth    +++.......             v - amulet of magic regeneration
HPRegen  0.38/turn              Y - ring "Puvinov" {*Contam Str+7 SInv}
MPRegen  0.60/turn              m - ring of Tecamor {*Drain rPois rF+ rN++ MR+}

@: brilliant, weakened, sap magic, corroded, studying 3 skills, lightly drained,
extremely magic sapped, repel missiles
A: small, magic attunement, unstealthy, unfitting armour, electricity
resistance, able to fly, AC/SH +12
}: 8/15 runes: decaying, serpentine, slimy, silver, golden, obsidian, icy,
abyssal
a: Fly, Minor Destruction, Lesser Servant of Makhleb, Major Destruction, Greater
Servant of Makhleb, Renounce Religion


You were on level 20 of a ziggurat.
You worshipped Makhleb.
Makhleb was exalted by your worship.
You were not hungry.

You visited 16 branches of the dungeon, and saw 57 of its levels.
You visited the Abyss 8 times.
You visited 1 ziggurat, and saw 20 of its levels.
You also visited: Bailey, Gauntlet, Ice Cave and Wizlab.

You collected 20760 gold pieces.
You spent 3904 gold pieces at shops.

Inventory:

Hand Weapons
 a - a +6 sacred scourge of holy wrath
 b - a +9 hand crossbow of velocity (weapon)
 g - the +7 sceptre of Asmodeus
   (You took it off Asmodeus on level 2 of Gehenna)
Missiles
 f - 9955 bolts (quivered)
Armour
 o - a +2 pair of boots of stealth (worn)
 t - a scarf of repulsion (worn)
 D - the +3 hat of Pondering {ponderous, MR+ MP+10 Int+5}
   (You found it on level 18 of a ziggurat)

   It affects your intelligence (+5).
   It affects your resistance to hostile enchantments.
   It affects your magic capacity (+10).
 G - the +3 buckler "Taproumaub" (worn) {Str+7}
   (You acquired it on level 6 of the Dungeon)

   It affects your strength (+7).
 I - +3 steam dragon scales
 R - the +1 cloak of Starlight {rElec rC+ EV+4 Stlth--}
   (You found it on level 13 of a ziggurat)

   It affects your evasion (+4).
   It protects you from cold.
   It insulates you from electricity.
   It makes you much less stealthy.
 U - the +1 hat "Cyrchees" (worn) {rC+ Dex+2 Slay+2}
   (You found it on level 1 of the Depths)

   It affects your dexterity (+2).
   It affects your accuracy and damage with ranged weapons and melee attacks
   (+2).
   It protects you from cold.
 V - the +1 pair of gauntlets of War (worn) {Slay+6}
   (You bought it in a shop in the Orcish Mines)

   It affects your accuracy and damage with ranged weapons and melee attacks
   (+6).
Jewellery
 j - the amulet "Fataqoc" {Reflect rElec SH+4}
   (You found it on level 14 of a ziggurat)

   [amulet of reflection]

   It shields you and reflects attacks.
   It insulates you from electricity.
   It affects your SH (+4).
 m - the ring of Tecamor (right hand) {*Drain rPois rF+ rN++ MR+}
   (You took it off a spriggan in a wizard's laboratory)

   [ring of protection from magic]

   It protects you from fire.
   It protects you from poison.
   It greatly protects you from negative energy.
   It affects your resistance to hostile enchantments.
   It causes draining when unequipped.
 v - an amulet of magic regeneration (around neck)
 B - the ring "Aco Usini" {Wiz rF+++ rC-}
   (You found it in an ice cave)

   [ring of wizardry]

   It improves your spell success rate.
   It renders you almost immune to fire.
   It makes you vulnerable to cold.
 X - the ring "Edexise" {rElec rPois rC++ Str-3 Stlth+}
   (You bought it in a shop in the Orcish Mines)

   [ring of insulation]

   It affects your strength (-3).
   It greatly protects you from cold.
   It insulates you from electricity.
   It protects you from poison.
   It makes you more stealthy.
 Y - the ring "Puvinov" (left hand) {*Contam Str+7 SInv}
   (You found it on level 7 of a ziggurat)

   [ring of see invisible]

   It affects your strength (+7).
   It lets you see invisible.
   It causes magical contamination when unequipped.
Wands
 c - a wand of iceblast (79)
 u - a wand of scattershot (7)
 A - a wand of disintegration (26)
 E - a wand of acid (45)
 M - a wand of polymorph (30)
 Z - a wand of clouds (22)
Scrolls
 d - 12 scrolls of blinking
 h - 17 scrolls of fear
 i - 3 scrolls of vulnerability
 k - 43 scrolls of teleportation
 p - 10 scrolls of magic mapping
 x - 2 scrolls of amnesia
 J - 13 scrolls of fog
 O - 10 scrolls of silence
 Q - a scroll of immolation
 S - 5 scrolls of summoning
Potions
 e - 35 potions of mutation
 n - 3 potions of magic
 s - 8 potions of agility
 z - 2 potions of ambrosia
 C - 2 potions of cancellation
 H - 15 potions of heal wounds
 L - 27 potions of curing
 N - 6 potions of brilliance
 P - 6 potions of haste
 T - 4 potions of invisibility
 W - 3 potions of resistance
Miscellaneous
 l - a sack of spiders
 q - 7 phantom mirrors
 r - 4 boxes of beasts
 F - a phial of floods
 K - a lamp of fire
Comestibles
 w - 8 chunks of flesh
 y - 82 rations {!d}


   Skills:
 - Level 10.1 Fighting
 - Level 10.0(9.9) Crossbows
 O Level 27(26.8) Dodging
 - Level 17.0(16.9) Shields
 O Level 27(26.8) Spellcasting
 - Level 25.0(24.8) Conjurations
 - Level 15.0(14.9) Necromancy
 - Level 15.0(14.9) Translocations
 - Level 25.0(24.9) Fire Magic
 O Level 27(26.8) Ice Magic
 - Level 23.0(22.8) Air Magic
 - Level 25.0(24.8) Earth Magic
   Level 5.0(4.9) Poison Magic
 - Level 11.8(11.7) Invocations
 + Level 24.9(24.8) Evocations


You had 5 spell levels left.
You knew the following spells:

 Your Spells              Type           Power        Failure   Level  Hunger
a - Shatter               Erth           ########..   9%          9    None
b - Blink                 Tloc           N/A          2%          2    None
c - Portal Projectile     Tloc           ######       2%          3    None
d - Fire Storm            Conj/Fire      ########..   9%          9    None
e - Glaciate              Conj/Ice/Air   ########..   4%          8    None
f - Controlled Blink      Tloc           ########     7%          7    None
g - Summon Lightning Spi  Summ/Air       #######.     4%          5    None
h - Lee's Rapid Deconstr  Erth           ########..   2%          5    None
i - Ignition              Fire           ########..   4%          8    None
k - Borgnjor's Vile Clut  Necr/Erth      ########..   3%          6    None
l - Sublimation of Blood  Necr           ########..   2%          2    None
m - Passwall              Tmut/Erth      #######.     2%          2    None
o - Apportation           Tloc           ######       2%          1    None
r - Regeneration          Chrm/Necr      #######...   4%          3    None
U - Dispel Undead         Necr           ########     3%          5    None

Your spell library contained the following spells:

 Spells                   Type           Power        Failure   Level  Hunger
 Throw Frost              Conj/Ice       ######       1%          2    None
 Animate Skeleton         Necr           N/A          2%          1    None
 Blink Other              Tloc           ######       2%          1    None
 Flame Tongue             Conj/Fire      #####        2%          1    None
 Freeze                   Ice            ######       2%          1    None
 Magic Dart               Conj           ####         2%          1    None
 Pain                     Necr           ######       2%          1    None
 Sandblast                Erth           ######       2%          1    None
 Shock                    Conj/Air       #####        2%          1    None
 Sting                    Conj/Pois      ####         2%          1    None
 Corpse Rot               Necr           N/A          2%          2    None
 Ensorcelled Hibernation  Hex/Ice        ######       2%          2    None
 Flaming Arrows           Chrm/Fire      #######.     2%          2    None
 Poisonous Vapours        Pois/Air       ######       2%          2    None
 Swiftness                Chrm/Air       #######.     2%          2    None
 Beckoning                Tloc           ########..   2%          3    None
 Conjure Flame            Conj/Fire      ########     2%          3    None
 Dazzling Orbs            Conj/Hex       #######      2%          3    None
 Inner Flame              Hex/Fire       N/A          2%          3    None
 Mephitic Cloud           Conj/Pois/Air  ########     2%          3    None
 Ozocubu's Armour         Chrm/Ice       #######.     2%          3    None
 Static Discharge         Air            ########     2%          3    None
 Stone Arrow              Conj/Erth      ######       2%          3    None
 Teleport Other           Tloc           ########     2%          3    None
 Vampiric Draining        Necr           ########..   2%          3    None
 Agony                    Necr           ########     2%          4    None
 Airstrike                Air            ########..   2%          4    None
 Animate Dead             Necr           N/A          2%          4    None
 Force Lance              Tloc           ########     2%          4    None
 Sticky Flame             Conj/Fire      ########     2%          4    None
 Throw Icicle             Conj/Ice       ########     2%          4    None
 Bolt of Draining         Conj/Necr      ########..   2%          5    None
 Bolt of Magma            Conj/Fire/Erth ########..   2%          5    None
 Fireball                 Conj/Fire      ########..   2%          5    None
 Lightning Bolt           Conj/Air       ########..   2%          5    None
 Ignite Poison            Fire/Tmut/Pois #######.     3%          3    None
 Fulminant Prism          Conj/Hex       #######...   3%          4    None
 Ice Form                 Ice/Tmut       #######.     3%          4    None
 Petrify                  Tmut/Erth      #######...   3%          4    None
 Summon Ice Beast         Ice/Summ       #######.     3%          4    None
 Metabolic Englaciation   Hex/Ice        #######...   3%          5    None
 Passage of Golubria      Tloc           N/A          3%          5    None
 Venom Bolt               Conj/Pois      ########..   3%          5    None
 Recall                   Summ/Tloc      N/A          4%          3    None
 Silence                  Hex/Air        #######...   4%          5    None
 Corona                   Hex            ######.      6%          1    None
 Infusion                 Chrm           ######..     6%          1    None
 Slow                     Hex            ######..     6%          1    None
 Summon Butterflies       Summ           ######..     6%          1    None
 Summon Small Mammal      Summ           ####         6%          1    None
 Spider Form              Tmut/Pois      ###          6%          3    None
 Summon Forest            Summ/Tloc      #######...   6%          5    None
 Call Imp                 Summ           ######       7%          2    None
 Shackle                  Hex            ######..     7%          2    None
 Song of Slaying          Chrm           ######..     7%          2    None
 Sticks to Snakes         Tmut           ######..     7%          2    None
 Olgreb's Toxic Radiance  Pois           ######...    7%          4    None
 Call Canine Familiar     Summ           ######..     9%          3    None
 Confuse                  Hex            ######..     9%          3    None
 False Image              Hex/Summ       ######..     9%          3    None
 Spectral Weapon          Hex/Chrm       ######..     9%          3    None
 Tukima's Dance           Hex            ######..     9%          3    None
 Summon Scorpions         Summ/Pois      ######..     9%          4    None
 Cause Fear               Hex            ######....   13%         4    None
 Tree Form                Hex/Tmut       N/A          13%         4    None
 Yara's Violent Unravell  Hex/Tmut       ######....   13%         4    None
 Aura of Abjuration       Summ           ######....   22%         5    None
 Blade Hands              Tmut           ######....   22%         5    None
 Piercing Shot            Chrm           ######....   22%         5    None
 Summon Demon             Summ           ######....   22%         5    None
 Summon Mana Viper        Hex/Summ       ######..     22%         5    None
 Bolt of Cold             Conj/Ice       ########..   2%          6    None
 Bolt of Fire             Conj/Fire      ########..   2%          6    None
 Conjure Ball Lightning   Conj/Air       ########..   2%          6    None
 Freezing Cloud           Ice/Air        ########..   2%          6    None
 Iron Shot                Conj/Erth      ########..   2%          6    None
 Ozocubu's Refrigeration  Ice            ########..   2%          6    None
 Icicle Burst             Conj/Ice       ########..   2%          7    None
 Simulacrum               Ice/Necr       ########..   3%          6    None
 Orb of Destruction       Conj           ########..   3%          7    None
 Dispersal                Tloc           ########..   4%          6    None
 Poison Arrow             Conj/Pois      ########..   4%          6    None
 Chain Lightning          Conj/Air       ########..   4%          8    None
 Lehudib's Crystal Spear  Conj/Erth      ########..   4%          8    None
 Statue Form              Tmut/Erth      #######..    6%          6    None
 Steam Barrier            Chrm/Fire      #######...   6%          6    None
 Deflect Missiles         Chrm/Air       #######...   7%          6    None
 Mana Rupture             Conj/Hex       #######...   11%         7    None
 Spellforged Servitor     Conj/Summ      #######...   11%         7    None
 Death Channel            Chrm/Necr      #######...   12%         6    None
 Tornado                  Air            ########..   13%         9    None
 Borgnjor's Revivificati  Necr           ########..   16%         8    None
 Haunt                    Necr/Summ      #######...   26%         7    None
 Infestation              Hex/Tmut/Pois  ######...    36%         6    None
 Darkness                 Hex            ######....   50%         6    None
 Invisibility             Hex            ######..     50%         6    None
 Shadow Creatures         Summ           N/A          50%         6    None
 Summon Hydra             Summ           ######....   50%         6    None
 Necromutation            Tmut/Necr      #######.     65%         8    None
 Time Stop                Chrm/Tloc      N/A          65%         8    None
 Dragon Form              Tmut           ######.      87%         7    None
 Monstrous Menagerie      Summ           ######....   87%         7    None
 Dragon's Call            Summ           ######....   100%        9    None


Dungeon Overview and Level Annotations

Branches:
Dungeon (12/12)            Temple (1/1) D:4            Lair (6/6) D:8
  Swamp (3/3) Lair:2        Snake (3/3) Lair:2        Slime (5/5) Lair:6
    Orc (1/1) D:10            Elf (3/3) Orc          Vaults (3/3) D:11
  Crypt (2/2) Vaults:1       Tomb (3/3) Crypt:2      Depths (5/5) D:12
   Hell (1/1)                 Dis (0/2) Hell            Geh (2/2) Hell
    Coc (2/2) Hell            Tar (0/2) Hell            Zot (5/5) Depths:5

Altars:
Ashenzari
Cheibriados
Dithmenos
Elyvilon
Fedhas
Gozag
Hepliaklqana
Kikubaaqudgha
Lugonu
Makhleb
Nemelex Xobeh
Okawaru
Qazlal
Ru
Sif Muna
Trog
Uskayaw
Vehumet
Wu Jian
Xom
Yredelemnul
Zin
The Shining One
Beogh
Jiyva

Shops:
D:6 =*   D:8 =   D:12 [   Orc [*[:(   Elf:3 :   Snake:3 *   Vaults:2 (
Depths:1 }   Depths:3 ==}=([(

Portals:
Hell: Depths:1 Depths:2 Depths:3 Depths:4 Depths:5
Abyss: Depths:2 Depths:3 Depths:4
Pandemonium: Depths:2 Depths:3
Trove: D:8 (give +3 steam dragon scales)

Annotations:
Depths:3 exclusion: downstairs
Zot:3 2 transporters


Innate Abilities, Weirdness & Mutations

Your spells do not cause hunger and MP costs are reduced by 1.
Your bright wings attract enemies. (Stealth-)
You cannot fit into any form of body armour.
Your shimmering scales are hard and can block incoming attacks. (AC +12, SH +12)
You are small and have problems with some larger weapons.
You can fly continuously.
You are resistant to electric shocks. (rElec)


Message History

The Executioner hits you!
* * * LOW HITPOINT WARNING * * *
You feel your power leaking away. The Executioner closely misses you. x2
The Executioner is engulfed in freezing vapours.
The Executioner hits you!
* * * LOW HITPOINT WARNING * * *
You partially resist.
You feel drained. The Executioner misses you.
The Executioner barely misses you.
The Brimstone Fiend is engulfed in freezing vapours.
The Brimstone Fiend hits the cacodemon shaped block of ice!!
The cacodemon shaped block of ice looks weaker.
The Brimstone Fiend hits the cacodemon shaped block of ice but does no damage.
The Brimstone Fiend hits the cacodemon shaped block of ice.
The Executioner completely misses you. The Executioner hits you.
* * * LOW HITPOINT WARNING * * *
You feel as though you will be weak longer.
The Executioner completely misses you. x2; The Executioner closely misses you.
The Executioner hits you.
You die...

................
.☼..............
..§..............
.☼§§....................▓
.○§#§........#..........▓
.§§8§§...................
.☼§6§181.................
.○28§881@................
.1○3§6§§1................
38☼§☼6§6§§...............
.4.1§3§§§§§.............∩
..1☼§☼8§§8§§.............
.§.○°○☼.○§☼☼§............
.☼.°○.○○☼§§○§☼...........
.........................
........................


You could see a Shadow Fiend, a Brimstone Fiend, 2 Ice Fiends, an infernal
warmonger, 2 demonspawn, 3 Executioners, a blizzard demon, a soul eater, a gelid
demonspawn, an orange demon and a ynoxinul.

Vanquished Creatures
  Antaeus (Coc:2)
  the Royal Jelly (Slime:5)
  8 juggernauts
  3 orbs of fire (Zot:5)
  Mara (Depths:2)
  11 ancient liches
  33 greater mummies
  3 Killer Klowns
  16 golden dragons
  Boris (thrice) (Depths:3 Vaults:1 Tomb:1)
  Bai Suzhen (Vaults:3)
  Margery (Depths:4)
  3 curse toes
  17 shard shrikes
  2 pandemonium lords
  11 caustic shrikes
  4 rockslimes
  6 profane servitors
  the Enchantress (Depths:3)
  Geryon (Hell)
  15 bone dragons
  4 Shadow Fiends
  4 electric golems
  3 hellephants (Abyss:5)
  17 tentacled monstrosities
  19 Brimstone Fiends
  4 Hell Sentinels
  15 Orb Guardians (Zot:5)
  18 Ice Fiends
  14 liches
  Jorgrun (D:11)
  3 titans
  4 deep elf blademasters
  6 quicksilver dragons
  6 deep elf master archers
  Murray (Hell)
  A kraken (Abyss:3)
  20 acid blobs
  9 Executioners
  13 sphinxes
  An eldritch tentacle (Geh:2)
  6 death cobs
  5 ancient champions
  44 tentacled starspawn
  5 nagarajas
  9 tengu reavers
  3 daevas
  A shadow dragon (shapeshifter) (Depths:4)
  5 shadow dragons
  18 storm dragons
  Roxanne (Elf:2)
  3 revenants
  The ghost of Sarzael the Nimble, an adept DsFi of Okawaru (Snake:1)
  7 draconian monks
  6 fire giants
  5 deep elf sorcerers
  5 draconian knights
  5 cacodemons
  7 draconian scorchers
  10 azure jellies
  6 orc warlords
  18 balrugs
  3 iron dragons
  The ghost of izumii3 the Markscentaur, a journeyman CeBe of Okawaru (Lair:4)
  10 frost giants
  12 vault wardens
  Louise (Swamp:3)
  11 ghost moths
  2 caustic shrike zombies
  2 angels (Abyss:5)
  7 black suns
  7 warmongers
  2 draconian stormcallers
  25 stone giants
  4 deep elf elementalists
  2 ghouls (Crypt:1)
  6 emperor scorpions
  7 draconian annihilators
  2 draconian shifters
  7 eyes of devastation
  12 war gargoyles
  A curse skull (Crypt:1)
  22 reapers
  4 elemental wellsprings
  8 ironheart preservers
  5 spriggan defenders
  A caustic shrike skeleton (Depths:2)
  36 very ugly things
  9 blood saints
  8 black draconians
  3 vampire knights
  15 green draconians
  12 bennus
  7 deep elf demonologists
  12 deep elf annihilators
  11 lorocyprocas
  11 white draconians
  4 entropy weavers
  7 red draconians
  11 yellow draconians
  A minotaur (Gauntlet)
  4 deep elf death magi
  8 purple draconians
  15 blizzard demons
  4 eidola
  9 green deaths
  3 dire elephants
  9 ettins
  An ettin (shapeshifter) (Depths:4)
  2 merfolk javelineers
  7 spark wasps
  Josephine (Orc)
  8 jiangshi
  4 fire dragons
  35 mummy priests
  A fire dragon (shapeshifter) (WizLab)
  3 quicksilver dragon zombies
  7 crystal guardians
  2 deep elf high priests (Elf:3)
  13 yaktaur captains
  Fannar (D:10)
  3 shambling mangroves (Swamp:3)
  33 vault guards
  12 naga warriors
  A hell beast (Zig:17)
  28 ice dragons
  7 spriggan air magi
  4 anacondas
  3 quicksilver dragon skeletons
  12 rakshasas
  3 death knights
  15 two-headed ogres
  21 great orbs of eyes
  An anaconda (shapeshifter) (Abyss:3)
  2 ghost crabs
  8 shadow wraiths
  Harold (Lair:3)
  2 alligators
  18 hydras
  Erica (D:11)
  A queen ant (shapeshifter) (D:12)
  A catoblepas (Lair:4)
  A merfolk avatar (Lair:6)
  A spectral frost giant (Zig:10)
  4 deep troll shamans
  An alligator (shapeshifter) (Abyss:3)
  31 hell hogs
  3 death oozes (Slime:5)
  6 ogre magi
  A tengu warrior (Depths:1)
  17 centaur warriors
  81 death scarabs
  6 titan zombies
  6 death yaks (Lair:6)
  A death yak (shapeshifter) (Depths:4)
  10 sea snakes (Snake:3)
  10 deep troll earth magi
  12 vampire magi
  42 dancing weapons
  9 orc high priests
  2 shock serpents
  79 thrashing horrors
  4 spriggan berserkers
  6 naga sharpshooters
  An ironheart beastmaster (Vaults:3)
  6 titan skeletons
  58 wretched stars
  Nergalle (D:11)
  25 deep elf knights
  16 sun demons
  70 skeletal warriors
  2 storm dragon zombies
  26 deep trolls
  4 iron trolls
  6 spriggans
  3 iron golems
  10 soul eaters
  A goliath frog (shapeshifter) (Abyss:3)
  52 hell knights
  8 unseen horrors
  2 death drakes (shapeshifter)
  A salamander mystic (Snake:3)
  19 spatial maelstroms
  14 sixfirhies
  9 glowing orange brains
  3 storm dragon skeletons
  A quicksilver dragon simulacrum (Hell)
  7 naga ritualists (Snake:3)
  2 spriggan druids
  3 shadow demons
  2 anaconda zombies (Coc:2)
  A golden dragon zombie (Crypt:2)
  2 flayed ghosts
  3 spark wasp zombies
  A ghost moth zombie (Geh:1)
  2 obsidian statues
  2 shadow dragon zombies
  8 swamp dragons
  A lindwurm (shapeshifter) (WizLab)
  8 wizards
  6 death drakes
  3 orange crystal statues (Zig:12)
  12 deep elf archers
  23 necromancers
  A sphinx zombie (Depths:2)
  5 golden dragon skeletons
  13 ironheart convokers
  6 anaconda skeletons
  3 harpies (Zig:3)
  2 cyclopes
  6 phantasmal warriors
  5 frost giant zombies
  17 orc knights
  A wolf spider zombie (Geh:2)
  A tengu skeleton (Zig:15)
  2 harpies (shapeshifter) (WizLab)
  5 iron dragon zombies
  8 orb spiders
  The ghost of Maksi666 the Skirmisher, a novice EnBe of Trog (D:5)
  4 shadow dragon skeletons
  40 ugly things
  4 fauns (Zig:3)
  3 mana vipers
  2 stone giant zombies
  An orb spider (shapeshifter) (WizLab)
  A salamander (shapeshifter) (Abyss:3)
  4 manticores
  80 deep elf magi
  4 shining eyes
  2 oklob plants
  8 orc sorcerers
  3 wolf spiders
  2 fire giant zombies
  2 moths of wrath (shapeshifter) (WizLab)
  12 worldbinders
  10 salamanders
  A manticore (shapeshifter) (Depths:4)
  13 guardian serpents
  6 stone giant skeletons
  5 iron dragon skeletons
  26 moths of wrath
  A titan simulacrum (Coc:1)
  3 dire elephant zombies
  6 frost giant skeletons
  10 vault sentinels
  3 centaur zombies
  6 draconians (Abyss:5)
  16 will-o'-wisps
  7 apocalypse crabs
  7 rust devils
  20 elephants
  A merfolk siren (Zig:3)
  A guardian serpent (shapeshifter) (Abyss:4)
  13 molten gargoyles
  A black mamba (shapeshifter) (Abyss:5)
  A cane toad (shapeshifter) (Elf:1)
  7 ice statues
  9 black mambas
  5 cane toads
  20 naga magi
  A fire giant skeleton (Zig:14)
  A water nymph (shapeshifter) (WizLab)
  47 smoke demons
  A shock serpent skeleton (Abyss:1)
  11 orange demons
  2 torpor snails
  17 hellions
  A minotaur zombie (Gauntlet)
  14 rime drakes
  8 demonic crawlers
  3 kobold demonologists
  A rime drake (shapeshifter) (Depths:1)
  A catoblepas zombie (Coc:1)
  13 hydra zombies
  47 yaktaurs
  13 tormentors
  2 yaktaurs (shapeshifter)
  An emperor scorpion zombie (Geh:2)
  42 ice devils
  14 efreet
  A spriggan zombie (Zig:7)
  62 guardian mummies
  9 hellwings
  47 ancient zymes
  22 freezing wraiths
  A tengu conjurer (Depths:1)
  8 komodo dragons
  A queen bee (shapeshifter) (WizLab)
  A ghost moth simulacrum (Hell)
  2 trolls (shapeshifter)
  2 silent spectres
  4 merfolk (Zig:3)
  20 red devils
  A queen bee (Lair:2)
  10 jumping spiders
  12 hornets
  A merfolk (shapeshifter) (Zig:8)
  Grinder (D:3)
  3 meliai (shapeshifter)
  A tyrant leech (Swamp:2)
  7 trolls
  2 wind drakes
  A polar bear (Lair:6)
  A hornet (shapeshifter) (WizLab)
  2 raiju (shapeshifter)
  4 hydra skeletons
  4 bog bodies
  4 wolf spider simulacra
  A fire giant simulacrum (Coc:1)
  A harpy skeleton (Geh:2)
  81 slime creatures
  4 fire dragon zombies
  26 blink frogs
  2 blink frogs (shapeshifter) (WizLab)
  132 raiju
  A hippogriff (shapeshifter) (WizLab)
  7 hippogriffs
  2 slime creatures (shapeshifter)
  A stone giant simulacrum (Depths:2)
  6 ettin zombies
  127 large abominations
  5 alligator zombies
  Sigmund (D:3)
  5 dream sheep (Lair:2)
  6 air elementals
  115 flying skulls
  An ice dragon zombie (Coc:2)
  A tarantella (shapeshifter) (Depths:4)
  4 shadows
  A fire dragon skeleton (Crypt:1)
  18 wraiths
  2 yaks (shapeshifter) (Abyss:3)
  5 ettin skeletons
  22 water elementals
  3 wyverns
  3 alligator skeletons
  4 redbacks
  3 tarantellas (Zig:13)
  30 ynoxinuls
  165 starcursed masses
  4 fire bats
  2 ice dragon skeletons
  5 basilisks (shapeshifter)
  A tyrant leech zombie (Crypt:1)
  2 vampires
  2 humans (WizLab)
  4 hungry ghosts
  37 yaks
  21 ushabtiu
  3 golden eyes (shapeshifter)
  16 golden eyes
  30 fire elementals
  A human (shapeshifter) (Abyss:5)
  The ghost of yrara the Skirmisher, an amateur DsFi (D:4)
  5 basilisks
  3 steam dragons (Zig:5)
  30 neqoxecs
  Grum (D:11)
  35 chaos spawn
  10 vampire mosquitoes
  A harpy simulacrum (Abyss:5)
  5 wargs
  A merfolk zombie (Coc:2)
  18 nagas
  A naga (shapeshifter) (WizLab)
  A faun zombie (Crypt:1)
  4 crocodiles
  A crocodile (shapeshifter) (WizLab)
  36 spatial vortices
  2 hydra simulacra
  41 hell hounds
  10 swamp worms
  8 water moccasins
  An acid dragon (Zig:5)
  8 cane toad zombies
  6 floating eyes
  7 porcupines
  An infernal demonspawn skeleton (Geh:2)
  A floating eye (shapeshifter) (WizLab)
  12 ice beasts
  2 eyes of draining
  5 phantoms
  2 snapping turtle zombies
  An alligator simulacrum (Lair:4)
  2 black bears (D:8)
  A manticore zombie (Geh:2)
  7 swamp drakes (Swamp:3)
  70 orc warriors
  2 cane toad skeletons
  An ettin simulacrum (Coc:2)
  2 sky beasts
  2 black mamba simulacra
  2 eyes of draining (shapeshifter)
  8 wolves
  15 ogres
  9 centaurs
  8 necrophages
  An elephant skeleton (Crypt:1)
  A manticore skeleton (Abyss:5)
  3 snapping turtle skeletons
  4 elf zombies
  75 small abominations
  4 big kobolds
  A bullfrog (shapeshifter) (Abyss:3)
  14 bullfrogs
  7 earth elementals
  2 elf skeletons
  4 scorpions
  A blink frog simulacrum (Lair:4)
  30 killer bees (Lair:2)
  23 wights
  4 electric eels (Snake:3)
  13 crimson imps
  A bullfrog zombie (D:6)
  A demonspawn zombie (Crypt:1)
  4 hounds
  3 quasits (Abyss:3)
  2 jellies (Abyss:1)
  16 orc priests
  3 iron imps
  4 centaur skeletons
  31 orc wizards
  Jessica (D:2)
  4 iguanas
  8 worker ants
  17 hell rats (Hell)
  A lightning spire (Gauntlet)
  A porcupine skeleton (Crypt:1)
  2 tengu zombies (Coc:2)
  A hound zombie (D:9)
  66 mummies
  Robin (D:3)
  12 adders
  A howler monkey skeleton (D:8)
  3 shadow imps
  24 white imps
  3 ufetubi
  4 oozes
  2 adder skeletons
  A worm (D:3)
  3 dart slugs
  3 leopard geckos
  152 orcs
  2 giant cockroaches
  4 goblins
  6 hobgoblins
  A jackal (shapeshifter) (Depths:3)
  15 jackals
  13 kobolds
  6 quokkas
  A ball python (shapeshifter) (Abyss:5)
  3 bats
  9 frilled lizards
  A goblin (shapeshifter) (WizLab)
  An orc zombie (Crypt:2)
  A quokka skeleton (D:4)
  4 rats
  52 blocks of ice
  A bush (Abyss:5)
  74 fire vortices
  3 fungi (Lair:6)
  8 lurking horrors
  6 plants
  46 starspawn tentacles
  2 tentacles (Abyss:3)
  Asmodeus (Geh:2)
4901 creatures vanquished.

Vanquished Creatures (collateral kills)
  Xtahua (Depths:4)
  An orb of fire (Zot:5)
  A greater mummy (Tomb:1)
  2 Killer Klowns (Zot:5)
  A golden dragon (Zot:3)
  A curse toe (Zot:5)
  Saint Roka (Elf:2)
  A caustic shrike (shapeshifter) (Depths:4)
  A mutant beast (WizLab)
  An Orb Demon (Zot:1)
  10 Orb Guardians (Zot:5)
  A lich (Depths:1)
  3 tentacled monstrosities
  An Ice Fiend (Coc:2)
  Asterion (Snake:3)
  A deep elf blademaster (Elf:3)
  A tentacled starspawn (Abyss:5)
  A sphinx (Tomb:1)
  8 acid blobs
  3 death cobs
  A tengu reaver (Vaults:3)
  2 draconian monks
  3 nagarajas
  3 shadow dragons
  An azure jelly (Slime:5)
  2 vault wardens
  A frost giant (shapeshifter) (Depths:4)
  An orc warlord (Orc)
  4 draconian knights
  4 frost giants
  A draconian stormcaller (Zot:3)
  3 stone giants
  3 draconian shifters
  2 ironheart preservers
  2 very ugly things
  2 reapers
  A vampire knight (Depths:3)
  A deep elf demonologist (Elf:3)
  4 green draconians
  A dire elephant (Vaults:1)
  4 red draconians
  A deep elf annihilator (Elf:3)
  4 white draconians
  A deep elf death mage (Elf:1)
  4 ettins
  2 purple draconians
  3 jiangshi (Depths:3)
  A fire dragon (Vaults:1)
  2 ice dragons
  A quicksilver dragon skeleton (Coc:1)
  A deep elf high priest (Elf:3)
  A yaktaur captain (Depths:5)
  A vault guard (Vaults:1)
  A rakshasa (Snake:2)
  6 naga warriors
  A ghost crab (Swamp:3)
  3 hydras
  Psyche (D:11)
  3 anacondas
  A great orb of eyes (Slime:5)
  An ogre mage (D:11)
  A catoblepas (Lair:5)
  2 death oozes (Slime:5)
  A death knight (D:12)
  2 centaur warriors (Vaults:2)
  4 deep troll earth magi
  4 alligators
  A satyr (shapeshifter) (Vaults:3)
  4 two-headed ogres
  2 sea snakes
  2 orc high priests (Orc)
  A tengu warrior (Depths:3)
  An ironheart beastmaster (Vaults:1)
  3 naga sharpshooters
  A spriggan (Swamp:1)
  4 deep trolls
  A soul eater (Hell)
  2 iron trolls
  2 deep elf knights (Elf:2)
  2 hell knights (Depths:2)
  2 salamander mystics
  4 skeletal warriors
  A swamp dragon (shapeshifter) (Vaults:3)
  2 swamp dragons
  A golden dragon zombie (Depths:2)
  A deep elf archer (Vaults:3)
  An anaconda skeleton (Hell)
  A phantasmal warrior (Vaults:3)
  A naga ritualist (Snake:1)
  An orc knight (Orc)
  An orb spider (shapeshifter) (WizLab)
  An oklob plant (Lair:2)
  An iron dragon zombie (Depths:3)
  A shining eye (Slime:3)
  A necromancer (Crypt:2)
  4 deep elf magi
  A mana viper (Snake:1)
  2 salamanders (Snake:3)
  5 ugly things
  2 apocalypse crabs
  6 black mambas
  8 elephants
  5 vault sentinels
  A black mamba (shapeshifter) (Abyss:5)
  A water nymph (Zot:1)
  6 naga magi (Snake:3)
  2 ice statues (IceCv)
  2 yaktaurs
  6 cane toads
  3 freezing wraiths
  A minotaur zombie (Gauntlet)
  3 rime drakes
  An ancient zyme (Abyss:3)
  4 ice devils
  5 komodo dragons
  A guardian mummy (Tomb:1)
  A kobold demonologist (Abyss:4)
  A tengu conjurer (Depths:3)
  2 elves (WizLab)
  A hydra zombie (Coc:1)
  A wind drake (shapeshifter) (WizLab)
  A tyrant leech (Swamp:1)
  A hornet (shapeshifter) (WizLab)
  A wind drake (Lair:6)
  A polar bear (Lair:6)
  21 slime creatures
  7 hornets
  3 blink frogs (Lair:5)
  4 bog bodies (Swamp:1)
  2 hippogriffs
  10 large abominations
  3 starcursed masses (Abyss:5)
  A shadow (D:11)
  2 spriggans (shapeshifter) (WizLab)
  2 flying skulls (Tomb:1)
  2 yaks (Lair:4)
  4 water elementals
  A basilisk (D:12)
  6 wraiths
  4 wyverns
  A neqoxec (Abyss:3)
  2 humans (WizLab)
  3 golden eyes (Abyss:4)
  A steam dragon (D:10)
  A hungry ghost (D:11)
  6 small abominations
  3 vampire mosquitoes
  14 nagas
  A spatial vortex (Abyss:4)
  7 swamp worms
  A warg (Orc)
  8 crocodiles
  An acid dragon (Zot:4)
  4 water moccasins (Lair:6)
  2 hydra simulacra (Lair:4)
  A porcupine (Lair:3)
  2 swamp drakes
  A black bear (Lair:4)
  10 orc warriors
  11 ice beasts (IceCv)
  A phantom (D:11)
  4 ogres
  A tengu (shapeshifter) (D:11)
  A swamp dragon skeleton (Coc:1)
  2 wolves (D:11)
  An alligator simulacrum (Hell)
  A centaur (D:12)
  An elf zombie (Elf:1)
  A manticore simulacrum (Lair:4)
  A wight (Coc:2)
  2 crimson imps (Hell)
  3 jellies (D:12)
  2 orc priests (Orc)
  An iron imp (Hell)
  2 orc wizards (Orc)
  An adder (D:11)
  2 white imps (Coc:2)
  4 oozes (D:12)
  13 orcs
  A kobold (Abyss:4)
  A fungus (Lair:5)
  A lurking horror (Abyss:3)
  A plant (Lair:6)
  A starspawn tentacle (Abyss:3)
466 creatures vanquished.

Vanquished Creatures (others)
  A tentacled starspawn (Abyss:5)
  2 eldritch tentacles (Geh:2)
  A storm dragon (shapeshifter) (Depths:4)
  An orc warlord (Zig:19)
  A spark wasp (Depths:4)
  A fire dragon (Depths:2)
  A dancing weapon (Elf:2)
  An unseen horror (Abyss:5)
  An orc sorcerer (Elf:2)
  A smoke demon (Abyss:5)
  2 hellwings (Abyss:5)
  A tormentor (Geh:2)
  A guardian mummy (Tomb:2)
  A troll (D:12)
  3 raiju (Abyss:5)
  An ushabti (Tomb:3)
  A golden eye (Abyss:4)
  A neqoxec (Abyss:5)
  A naga (Snake:3)
  An eye of draining (D:12)
  5 small abominations
  A wight (Geh:2)
  A worker ant (D:10)
  4 mummies
  2 white imps (Abyss:5)
  An ufetubus (Abyss:4)
  A kobold (D:10)
  518 blocks of ice
  179 fire vortices
  14 fungi
  2 lurking horrors
  63 plants
  109 starspawn tentacles
  2 tentacles (Abyss:3)
926 creatures vanquished.

Grand Total: 6293 creatures vanquished

Notes
Turn   | Place    | Note
-------+----------+-------------------------------------------
     0 | D:1      | RaHiT the Fairy Warper began the quest for the Orb.
     0 | D:1      | Reached XP level 1. HP: 14/14 MP: 6/6
   280 | D:1      | Reached XP level 2. HP: 16/19 MP: 7/7
   944 | D:1      | Reached XP level 3. HP: 24/24 MP: 9/9
  1490 | D:2      | Noticed Jessica
  1495 | D:2      | Killed Jessica
  1503 | D:2      | Learned a level 1 spell: Apportation
  1506 | D:2      | Learned a level 2 spell: Blink
  1510 | D:2      | Learned a level 3 spell: Portal Projectile
  1664 | D:2      | Reached XP level 4. HP: 29/29 MP: 11/11
  2005 | D:2      | Learned a level 3 spell: Teleport Other
  2007 | D:3      | Noticed Robin
  2018 | D:3      | Killed Robin
  2440 | D:3      | Reached skill level 5 in Spellcasting
  2440 | D:3      | Reached XP level 5. HP: 6/34 MP: 12/14
  2620 | D:3      | Noticed Sigmund
  2895 | D:3      | Killed Sigmund
  2896 | D:3      | Reached XP level 6. HP: 39/39 MP: 6/15
  3061 | D:3      | Noticed Grinder
  3111 | D:3      | Killed Grinder
  3112 | D:3      | Reached skill level 1 in Evocations
  3112 | D:3      | Reached XP level 7. HP: 26/46 MP: 1/16
  3465 | D:3      | Found a faded altar of an unknown god.
  4199 | D:4      | Found an iron altar of Okawaru.
  4373 | D:4      | Found a shattered altar of Ashenzari.
  4432 | D:4      | Reached XP level 8. HP: 54/54 MP: 17/17
  4604 | D:4      | Reached skill level 5 in Evocations
  4644 | D:4      | Found a hazy altar of Hepliaklqana.
  4718 | D:4      | Found a runed translucent gate.
  4719 | D:4      | Found a runed translucent gate.
  4719 | D:4      | Found a runed translucent gate.
  4725 | D:4      | Noticed yrara's ghost (amateur DsFi)
  4931 | D:4      | Found a staircase to the Ecumenical Temple.
  4950 | Temple   | Entered the Ecumenical Temple
  5448 | D:5      | Entered Level 5 of the Dungeon
  5671 | D:4      | Reached skill level 5 in Translocations
  5730 | D:5      | Found a shadowy altar of Dithmenos.
  5851 | D:5      | Found a glowing golden altar of the Shining One.
  5851 | D:5      | Found a hide-covered altar of Uskayaw.
  5859 | D:5      | Found an opulent altar of Gozag.
  5865 | D:5      | Found a faded altar of an unknown god.
  5867 | D:5      | Found a burning altar of Makhleb.
  5872 | D:5      | Became a worshipper of Makhleb the Destroyer
  6137 | D:5      | Found a glowing golden altar of the Shining One.
  6361 | D:5      | Found a runed translucent door.
  6362 | D:5      | Noticed Maksi666's ghost (novice EnBe)
  6419 | D:5      | Found a runed translucent door.
  6513 | D:6      | Found Fianiob's Assorted Antiques.
  6520 | D:6      | Bought a runed hand crossbow for 234 gold pieces
  6542 | D:6      | Found Rihesi's Jewellery Shop.
  6626 | D:6      | Reached XP level 9. HP: 40/58 MP: 22/22
  6803 | D:6      | Reached * piety under Makhleb
  6900 | D:6      | Reached skill level 5 in Fighting
  6956 | D:6      | Found a transporter.
  6956 | D:6      | Found a transporter.
  6957 | D:6      | Noticed a jumping spider
  6960 | D:6      | Found a blossoming altar of Fedhas.
  7080 | D:6      | Noticed a yaktaur
  7322 | D:6      | Noticed a jumping spider
  7328 | D:6      | a jumping spider changed into a dream sheep
  7368 | D:6      | Noticed a lindwurm
  7469 | D:6      | Reached skill level 10 in Dodging
  7617 | D:6      | Noticed a glowing orange brain
  7702 | D:7      | Found a stormy altar of Qazlal.
  8197 | D:7      | Learned a level 6 spell: Freezing Cloud
  8201 | D:7      | Learned a level 3 spell: Mephitic Cloud
  8409 | D:8      | Noticed a two-headed ogre
  8430 | D:7      | Killed a two-headed ogre
  8431 | D:7      | Reached XP level 10. HP: 54/68 MP: 24/24
  8443 | D:8      | Reached skill level 5 in Air Magic
  8460 | D:8      | Noticed a vault guard
  8488 | D:8      | Killed a vault guard
  8517 | D:8      | Found a portal to a secret trove of treasure.
  8561 | D:8      | Reached ** piety under Makhleb
  8584 | D:8      | Found a flagged portal.
  8629 | Bailey   | Entered a bailey
  8870 | Bailey   | Noticed an orc knight
  8905 | Bailey   | Reached skill level 1 in Poison Magic
  8929 | Bailey   | Noticed an orc knight
  8951 | Bailey   | Killed an orc knight
  8954 | Bailey   | Killed an orc knight
  8954 | Bailey   | Reached *** piety under Makhleb
  8955 | Bailey   | Reached skill level 5 in Poison Magic
  8955 | Bailey   | Reached skill level 1 in Ice Magic
  9042 | Bailey   | Noticed an orc knight
  9069 | Bailey   | Killed an orc knight
  9070 | Bailey   | Reached skill level 5 in Ice Magic
  9070 | Bailey   | Reached XP level 11. HP: 72/72 MP: 23/25
  9111 | Bailey   | Identified a scroll of acquirement
  9111 | Bailey   | Identified the +10 arbalest of Heshrih {freeze, rElec rC+
                  | Int+2} (You acquired it in a bailey)
  9111 | Bailey   | Identified the +1 buckler "Kyemn" {rPois} (You acquired it
                  | in a bailey)
  9111 | Bailey   | Identified the amulet "Iluolaa" {Acrobat rElec} (You
                  | acquired it in a bailey)
  9119 | Bailey   | Learned a level 5 spell: Summon Lightning Spire
  9363 | D:8      | Found Jiaromp's Jewellery Emporium.
  9574 | D:8      | Found a staircase to the Lair.
  9861 | D:9      | Found a blossoming altar of Fedhas.
  9949 | D:8      | Reached skill level 10 in Fighting
  9949 | D:8      | Reached XP level 12. HP: 87/87 MP: 26/26
 10162 | D:9      | Reached **** piety under Makhleb
 10212 | D:9      | Found an iron altar of Okawaru.
 10212 | D:9      | Found a corrupted altar of Lugonu.
 10663 | D:10     | Entered Level 10 of the Dungeon
 10786 | D:10     | Noticed a two-headed ogre
 10796 | D:10     | Killed a two-headed ogre
 11300 | D:10     | Noticed Fannar
 11539 | Lair:1   | Entered Level 1 of the Lair of Beasts
 11787 | Lair:1   | Reached ***** piety under Makhleb
 12285 | Lair:1   | Reached skill level 1 in Invocations
 12659 | Lair:2   | Found a staircase to the Snake Pit.
 12700 | Lair:2   | Reached XP level 13. HP: 92/92 MP: 28/28
 12872 | Lair:2   | Reached skill level 10 in Spellcasting
 13133 | Lair:2   | Found a staircase to the Swamp.
 13138 | Lair:2   | Gained mutation: You are agile. (Dex +2) [potion of
                  | mutation]
 13138 | Lair:2   | Gained mutation: You are somewhat resistant to further
                  | mutation. [potion of mutation]
 14246 | Lair:3   | Reached skill level 5 in Invocations
 14343 | Lair:3   | Noticed Harold
 14361 | Lair:3   | Killed Harold
 14376 | Lair:3   | Found a gate leading to a gauntlet.
 14386 | Gauntlet | Entered a Gauntlet
 14386 | Gauntlet | Found a transporter.
 14386 | Gauntlet | Found a transporter.
 14399 | Gauntlet | Found a transporter.
 14412 | Gauntlet | Found a transporter.
 14425 | Gauntlet | Noticed a green death
 14426 | Gauntlet | Found a transporter.
 14435 | Gauntlet | Noticed a cacodemon
 14436 | Gauntlet | Found a transporter.
 14436 | Gauntlet | Found a transporter.
 14440 | Gauntlet | Found a transporter.
 14480 | Gauntlet | Found a transporter.
 14481 | Gauntlet | Noticed a green death
 14484 | Gauntlet | Found the +0 pair of fencer's gloves {Riposte Dex+6}
 14487 | Gauntlet | Found a transporter.
 14502 | Gauntlet | Found a transporter.
 14511 | Gauntlet | Found a transporter.
 14556 | Gauntlet | Found a transporter.
 14570 | Gauntlet | Found a transporter.
 14676 | Gauntlet | Found a transporter.
 14690 | Gauntlet | Found a transporter.
 14926 | Gauntlet | Got a transparent amber ring
 14928 | Gauntlet | Identified the ring of Oqapic {Slay+3 Stlth--} (You found
                  | it in a Gauntlet)
 15004 | Gauntlet | Got a twisted helmet
 15022 | Gauntlet | Noticed a minotaur
 15053 | Gauntlet | Killed a minotaur
 15075 | Gauntlet | Identified the cursed +0 helmet "Jeytz" {*Corrode rC- Str+6
                  | Int+8} (You found it in a Gauntlet)
 15907 | Lair:4   | Found a runed translucent gate.
 15907 | Lair:4   | Found a runed translucent gate.
 15907 | Lair:4   | Found a runed translucent gate.
 15917 | Lair:4   | Noticed an ice dragon
 15920 | Lair:4   | Noticed izumii3's ghost (journeyman CeBe)
 16438 | Lair:4   | Found a sacrificial altar of Ru.
 16439 | Lair:4   | Found a blossoming altar of Fedhas.
 16922 | Lair:2   | Reached XP level 14. HP: 76/99 MP: 26/34
 17148 | D:4      | Killed yrara's ghost
 17328 | D:5      | Killed Maksi666's ghost
 17759 | D:10     | Killed Fannar
 17770 | D:10     | Learned a level 3 spell: Regeneration
 17777 | D:10     | Learned a level 6 spell: Ozocubu's Refrigeration
 17870 | D:10     | Reached skill level 15 in Spellcasting
 18091 | D:10     | Found a sparkling altar of Nemelex Xobeh.
 18139 | D:10     | Reached ****** piety under Makhleb
 18151 | D:10     | Found a roughly hewn altar of Beogh.
 18157 | D:10     | Found a staircase to the Orcish Mines.
 18519 | D:11     | Found a frozen archway.
 18543 | IceCv    | Entered an ice cave
 19173 | IceCv    | Got an ancient silver ring
 19173 | IceCv    | Got a bound turquoise ring
 19197 | IceCv    | Identified the ring "Gogeanolo" {Fire rN+} (You found it in
                  | an ice cave)
 19199 | IceCv    | Identified the ring "Aco Usini" {Wiz rF+++ rC-} (You found
                  | it in an ice cave)
 19416 | D:11     | Noticed Nergalle
 19423 | D:11     | Killed Nergalle
 19453 | D:11     | Noticed Jorgrun
 19465 | D:11     | Killed Jorgrun
 19466 | D:11     | Reached skill level 15 in Dodging
 19527 | D:11     | Noticed Psyche
 19540 | D:11     | Killed Psyche
 19901 | D:11     | Noticed Grum
 19917 | D:11     | Killed Grum
 19958 | D:11     | Reached skill level 10 in Ice Magic
 20067 | D:11     | Noticed Erica
 20076 | D:11     | Killed Erica
 20325 | D:11     | Found a gate to the Vaults.
 20617 | Lair:5   | Reached skill level 1 in Shields
 20942 | Lair:5   | Reached XP level 15. HP: 100/103 MP: 32/36
 21474 | Lair:6   | Entered Level 6 of the Lair of Beasts
 21600 | Lair:6   | Reached skill level 10 in Air Magic
 21817 | Lair:6   | Found a viscous altar of Jiyva.
 21817 | Lair:6   | Found a staircase to the Slime Pits.
 21966 | Lair:6   | Reached skill level 5 in Shields
 22322 | Lair:6   | Identified the ring "Qeralyg" {*Contam MR+ Str+3 Dex+6}
                  | (You acquired it on level 6 of the Lair of Beasts)
 22322 | Lair:6   | Identified the Handbook of Beyond (You acquired it on level
                  | 6 of the Lair of Beasts)
 23007 | D:6      | Bought a scroll of acquirement for 1872 gold pieces
 23007 | D:6      | Identified the +3 buckler "Taproumaub" {Str+7} (You
                  | acquired it on level 6 of the Dungeon)
 23007 | D:6      | Identified Olorapsizoe's Tome of the Rocks and the
                  | Snowflakes (You acquired it on level 6 of the Dungeon)
 23158 | Orc      | Entered the Orcish Mines
 23180 | Orc      | Noticed Josephine
 23186 | Orc      | Killed Josephine
 23189 | Orc      | Found a shimmering altar of Xom.
 23244 | Orc      | Reached skill level 5 in Crossbows
 23415 | Orc      | Found a staircase to the Elven Halls.
 23632 | Orc      | Noticed an orc warlord
 23650 | Orc      | Killed an orc warlord
 23829 | Orc      | Found Sazxedy's General Store.
 23830 | Orc      | Found Ucwoesmavi's Book Boutique.
 23832 | Orc      | Found Esiufenlao's Antique Armour Boutique.
 23832 | Orc      | Found Effip's Antique Weapon Shop.
 23839 | Orc      | Bought the ring "Edexise" {rElec rPois rC++ Str-3 Stlth+}
                  | for 683 gold pieces
 23926 | Orc      | Found Ephued's Armour Emporium.
 24328 | Orc      | Noticed an orc warlord
 24367 | Orc      | Killed an orc warlord
 24368 | Orc      | Reached XP level 16. HP: 35/109 MP: 32/37
 24795 | D:12     | Entered Level 12 of the Dungeon
 25096 | D:12     | Found Osuy's Armour Shop.
 25458 | D:12     | Found a staircase to the Depths.
 25761 | Orc      | Bought a book of Air for 490 gold pieces
 25766 | Orc      | Learned a level 4 spell: Airstrike
 25987 | Swamp:1  | Entered Level 1 of the Swamp
 26005 | Swamp:1  | Reached skill level 15 in Ice Magic
 27831 | Swamp:3  | Entered Level 3 of the Swamp
 28623 | Swamp:3  | Noticed Louise
 28633 | Swamp:3  | Killed Louise
 28634 | Swamp:3  | Reached skill level 15 in Air Magic
 28634 | Swamp:3  | Reached skill level 1 in Necromancy
 28836 | Swamp:3  | Got a decaying rune of Zot
 29156 | Snake:1  | Entered Level 1 of the Snake Pit
 29192 | Snake:1  | Noticed Sarzael's ghost (adept DsFi)
 29210 | Snake:1  | Found a transporter.
 29232 | Snake:1  | Reached XP level 17. HP: 115/115 MP: 25/38
 29259 | Snake:1  | Reached skill level 5 in Necromancy
 29326 | Snake:1  | Found a transporter.
 31319 | Snake:3  | Entered Level 3 of the Snake Pit
 31322 | Snake:3  | Found Tatwuhum's General Store.
 31592 | Snake:3  | Noticed Asterion
 31630 | Snake:3  | HP: 2/115 [blizzard demon][Asterion] (24)]
 31637 | Snake:3  | Killed Asterion
 32170 | Snake:3  | Learned a level 5 spell: Lee's Rapid Deconstruction
 32444 | Snake:3  | Reached skill level 10 in Translocations
 32468 | Snake:3  | Reached XP level 18. HP: 120/120 MP: 6/39
 32471 | Snake:3  | Reached skill level 10 in Necromancy
 32501 | Snake:3  | Reached skill level 1 in Earth Magic
 32785 | Snake:3  | Got a serpentine rune of Zot
 32815 | Snake:3  | Reached skill level 5 in Earth Magic
 33219 | Vaults:1 | Entered Level 1 of the Vaults
 33912 | Vaults:1 | Reached skill level 10 in Earth Magic
 34656 | Vaults:1 | Noticed a tentacled monstrosity
 34686 | Vaults:1 | Found a staircase to the Crypt.
 34686 | Vaults:1 | Found a basalt altar of Yredelemnul.
 34687 | Vaults:1 | Found an ancient bone altar of Kikubaaqudgha.
 34860 | Vaults:1 | Killed a tentacled monstrosity
 35634 | Vaults:2 | Reached XP level 19. HP: 126/126 MP: 33/40
 35856 | Vaults:2 | Found Gaak's Antique Weapon Boutique.
 35999 | Orc      | Bought the +1 pair of gauntlets of War {Slay+6} for 625
                  | gold pieces
 35999 | Orc      | Found the +1 pair of gauntlets of War {Slay+6}
 37191 | Vaults:2 | Reached skill level 15 in Earth Magic
 37198 | Vaults:2 | Learned a level 6 spell: Borgnjor's Vile Clutch
 37490 | Elf:1    | Entered Level 1 of the Elven Halls
 37660 | Elf:1    | Found a magical portal.
 37665 | WizLab   | Entered Cigotuvi's Fleshworks
 38797 | WizLab   | Identified the ring of Tecamor {*Drain rPois rF+ rN++ MR+}
 38871 | WizLab   | Paralysed by a floating eye for 2 turns
 38958 | WizLab   | Identified the Compendium of Changing
 38962 | WizLab   | Identified Cigotuvi's Compendium of Sinister Changing
 39281 | Elf:1    | Reached skill level 10 in Shields
 39378 | Elf:1    | Identified the +7 war axe of Fortitude {holy, Dex+6}
 39485 | Elf:1    | Identified the Tome of Stolen Souls
 39594 | Elf:1    | Reached XP level 20. HP: 132/132 MP: 26/42
 40130 | Elf:2    | Noticed Roxanne
 40589 | Elf:2    | Found a huge runed gate.
 40589 | Elf:2    | Found a huge runed gate.
 40589 | Elf:2    | Found a huge runed gate.
 40589 | Elf:2    | Found a huge runed gate.
 40589 | Elf:2    | Found a huge runed gate.
 40622 | Elf:2    | Identified the +0 cloak of the New World {Int+4} (You
                  | acquired it on level 2 of the Elven Halls)
 40622 | Elf:2    | Identified the ring "Hirhenoo" {rF+ rN+ Int-4 SInv} (You
                  | acquired it on level 2 of the Elven Halls)
 40622 | Elf:2    | Identified the Volume of Freezing Weightlessness (You
                  | acquired it on level 2 of the Elven Halls)
 40833 | Elf:2    | Killed Roxanne
 41384 | Elf:2    | Noticed Saint Roka
 41394 | Elf:2    | Killed Saint Roka
 41622 | Elf:3    | Entered Level 3 of the Elven Halls
 41796 | Elf:3    | Identified the +7 eveningstar "Newtbane" {flame, rPois
                  | Int+2 Dex-5} (You found it on level 3 of the Elven Halls)
 42077 | Elf:3    | Found Rafi's Book Shop.
 42626 | Elf:3    | Identified the +9 falchion of the First Lovers {elec, rElec
                  | Dex+4}
 42626 | Elf:3    | Identified the ring "Ygestae" {MR+ rCorr}
 42685 | Elf:3    | Identified the cursed ring of Dyntuu Ifoe {Wiz rElec rPois
                  | rF++ rC-}
 42706 | Elf:3    | Reached XP level 21. HP: 137/137 MP: 30/44
 42797 | Elf:3    | Identified the +3 mace "Buplair" {crush, Str+3}
 42813 | Elf:3    | Cast into level 1 of the Abyss (a deep elf sorcerer)
 43001 | Elf:3    | Escaped the Abyss
 43197 | Elf:3    | Identified the cursed +1 ring mail "Nijuips" {rF+ Dex-5
                  | SInv}
 43251 | Elf:3    | Identified the +1 arbalest of Xom's Outrage {venom, +Blink
                  | rElec Int+3}
 43256 | Elf:3    | Identified Saw Bexka's Incunabulum of Ashen Talismans
 43268 | Elf:3    | Identified Fezeq's Collected Works on Quantum Boosts
 43308 | Elf:3    | Learned a level 2 spell: Sublimation of Blood
 43316 | Elf:3    | Learned a level 5 spell: Dispel Undead
 43640 | Lair:4   | Killed izumii3's ghost
 43677 | Lair:4   | Identified the ring of the Okapi {Fire rN+}
 43683 | Lair:4   | Identified the amulet "Quhess" {Faith Dex+3}
 43826 | Slime:1  | Entered Level 1 of the Pits of Slime
 43834 | Slime:1  | Reached skill level 10 in Crossbows
 45328 | Slime:5  | Entered Level 5 of the Pits of Slime
 45521 | Slime:5  | Noticed the Royal Jelly
 45615 | Slime:5  | Killed the Royal Jelly
 46203 | Slime:5  | Found the +5 robe of Night {Dark MR+ SInv}
 46221 | Slime:5  | Identified the ring of Inwas {+Fly rElec}
 46248 | Slime:5  | Identified the ring "Ceexzea" {Int+2 SInv}
 46252 | Slime:5  | Got a slimy rune of Zot
 46276 | Slime:5  | Identified Beipam's Disquisition on Darkness and Shape
                  | Shifting
 46299 | Slime:5  | Identified the cursed +1 scythe "Aculua" {vamp, rN++ MR-
                  | Str+8 Stlth+}
 46306 | Slime:5  | Identified the ring of Jaell {Ice Int+4}
 46390 | Slime:2  | Reached XP level 22. HP: 143/143 MP: 17/46
 46827 | Snake:1  | Killed Sarzael's ghost
 46914 | Snake:1  | Identified the ring of Isaxu {*Tele rC++ Dex+3}
 47378 | Depths:1 | Entered Level 1 of the Depths
 47864 | Depths:1 | Identified the +1 hat "Cyrchees" {rC+ Dex+2 Slay+2}
 47866 | Depths:1 | Identified the +0 robe of Defence {*Drain rN+ Str+6 SInv}
 47867 | Depths:1 | Identified the +0 hat of Jucweati {Dex+4}
 47892 | Depths:1 | Found a radiant altar of Vehumet.
 47897 | Depths:1 | Identified the +2 hat "Ymahudeni" {+Blink +Inv Str-4 Int+2}
 47903 | Depths:1 | Identified the cursed -1 hat of Toejug {rN++ Str+2}
 47984 | Depths:1 | Found Jyqet's Gadget Boutique.
 48152 | Depths:1 | Found a gateway to Hell.
 48240 | Depths:2 | Noticed Mara
 48244 | Depths:2 | Noticed RaHiT's illusion
 48249 | Depths:2 | Killed Mara
 48539 | Depths:2 | Noticed a caustic shrike
 48541 | Depths:2 | Noticed a juggernaut
 48547 | Depths:2 | Killed a caustic shrike
 48597 | Depths:1 | Killed a juggernaut
 48834 | Depths:2 | Noticed a rockslime
 48896 | Depths:2 | Found a one-way gate to the infinite horrors of the Abyss.
 49060 | Depths:2 | Killed a rockslime
 49061 | Depths:2 | Reached XP level 23. HP: 147/147 MP: 14/49
 49253 | Depths:2 | Reached skill level 15 in Shields
 49318 | Depths:2 | Found a one-way gate leading to the halls of Pandemonium.
 49452 | Depths:2 | Reached skill level 10 in Evocations
 49789 | Depths:3 | Noticed a caustic shrike
 49866 | Depths:3 | Killed a caustic shrike
 49957 | Depths:3 | Found Deor's Jewellery Shoppe.
 49964 | Depths:3 | Identified the +2 faerie dragon scales {MR+ rCorr}
 49964 | Depths:3 | Noticed the Enchantress
 49972 | Depths:3 | Killed the Enchantress
 50033 | Depths:3 | Noticed Boris
 50293 | Depths:3 | Killed Boris
 50418 | Depths:3 | Found Topnoah's Gadget Boutique.
 50418 | Depths:3 | Found Nuedad's Jewellery Emporium.
 50419 | Depths:3 | Found Viruabla's Jewellery Emporium.
 50732 | Depths:3 | Found Gozag's Antique Armour Shop.
 50749 | Depths:3 | Identified the +1 leather armour of Rotation {Int+3}
 50888 | Depths:3 | Found a shimmering blue altar of Sif Muna.
 50899 | Depths:3 | Noticed a golden dragon
 50997 | Depths:3 | Killed a golden dragon
 51207 | Depths:3 | Found Gozag's Antique Weapon Shop.
 51216 | Depths:3 | Found an opulent altar of Gozag.
 51219 | Depths:3 | Found Gozag's Antique Weapon Boutique.
 51360 | Depths:3 | Identified the ring of Due Proportion {Ice rElec}
 51680 | Depths:3 | Learned a level 7 spell: Controlled Blink
 51784 | Depths:4 | Noticed an ancient lich
 51924 | Depths:4 | Killed an ancient lich
 51925 | Depths:4 | Reached XP level 24. HP: 154/154 MP: 30/49
 52004 | Depths:4 | Noticed a caustic shrike
 52011 | Depths:4 | Killed a caustic shrike
 52095 | Depths:4 | Noticed a golden dragon
 52126 | Depths:4 | Killed a golden dragon
 52177 | Depths:4 | Noticed Margery
 52185 | Depths:4 | Killed Margery
 52592 | Depths:4 | Noticed Xtahua
 52645 | Depths:4 | Killed Xtahua
 52646 | Depths:4 | Found the +6 fire dragon scales of Xtahua {rF+++ rC- MR+}
 52916 | Depths:5 | Entered Level 5 of the Depths
 53053 | Depths:5 | Found a gateway to a ziggurat.
 53217 | Depths:5 | Noticed a caustic shrike
 53223 | Depths:5 | Killed a caustic shrike
 53233 | Depths:5 | Noticed a caustic shrike
 53233 | Depths:5 | Noticed a caustic shrike
 53234 | Depths:5 | Noticed a caustic shrike
 53246 | Depths:5 | Killed a caustic shrike
 53252 | Depths:5 | Killed a caustic shrike
 53254 | Depths:5 | Killed a caustic shrike
 53533 | Depths:5 | Found a gate to the Realm of Zot.
 53533 | Depths:5 | Noticed a golden dragon
 53675 | Depths:5 | Killed a golden dragon
 54183 | Crypt:1  | Entered Level 1 of the Crypt
 54195 | Crypt:1  | Reached XP level 25. HP: 145/159 MP: 24/49
 54205 | Crypt:1  | Noticed Boris
 54261 | Vaults:1 | Killed Boris
 54973 | Crypt:2  | Entered Level 2 of the Crypt
 55687 | Crypt:2  | Noticed an ancient lich
 55702 | Crypt:2  | Killed an ancient lich
 55718 | Crypt:2  | Found an ancient bone altar of Kikubaaqudgha.
 55745 | Crypt:2  | Identified the +2 falchion of Heboiho {slice, *Slow rPois
                  | Int+4 Dex+3}
 55855 | Crypt:2  | Reached skill level 15 in Necromancy
 55951 | Crypt:2  | Found a staircase to the Tomb.
 55960 | Crypt:2  | Identified the +2 great mace "Vobbudol" {pain, rPois rC+
                  | rN+ Str+4 SInv}
 55983 | Tomb:1   | Entered Level 1 of the Tomb of the Ancients
 56136 | Tomb:1   | Noticed Boris
 56190 | Tomb:1   | Killed Boris
 56464 | Tomb:1   | Reached skill level 15 in Translocations
 56673 | Crypt:2  | Reached XP level 26. HP: 164/164 MP: 45/49
 56953 | Hell     | Entered the Vestibule of Hell
 56953 | Hell     | Noticed Geryon
 56977 | Hell     | Killed Geryon
 56996 | Hell     | Noticed Murray
 57001 | Hell     | Killed Murray
 57074 | Hell     | Found a gateway to the ashen valley of Gehenna.
 57213 | Hell     | Found a gateway to the Iron City of Dis.
 57371 | Hell     | Found a gateway to the freezing wastes of Cocytus.
 57575 | Hell     | Found a gateway to the decaying netherworld of Tartarus.
 57851 | Zot:1    | Entered Level 1 of the Realm of Zot
 57869 | Zot:1    | Learned a level 9 spell: Fire Storm
 57974 | Zot:1    | Reached skill level 1 in Conjurations
 57974 | Zot:1    | Reached skill level 1 in Fire Magic
 58271 | Zot:1    | Noticed a golden dragon
 58288 | Zot:1    | Killed a golden dragon
 58478 | Zot:1    | Reached skill level 5 in Conjurations
 58478 | Zot:1    | Reached skill level 5 in Fire Magic
 58537 | Zot:2    | Noticed a golden dragon
 58593 | Zot:2    | Killed a golden dragon
 58804 | Zot:2    | Noticed a golden dragon
 58823 | Zot:2    | Killed a golden dragon
 58877 | Zot:2    | Reached XP level 27. HP: 170/170 MP: 27/51
 59309 | Zot:3    | Reached skill level 10 in Conjurations
 59309 | Zot:3    | Reached skill level 10 in Fire Magic
 59354 | Zot:3    | Found a transporter.
 59370 | Zot:3    | Found a transporter.
 59370 | Zot:3    | Noticed a golden dragon
 59372 | Zot:3    | Noticed an ancient lich
 59387 | Zot:3    | Noticed a golden dragon
 59744 | Zot:3    | Noticed a golden dragon
 59988 | Zot:3    | Noticed a golden dragon
 59999 | Zot:3    | Killed a golden dragon
 60454 | Zot:3    | Killed a golden dragon
 60468 | Zot:3    | Killed a golden dragon
 60524 | Zot:3    | Killed a golden dragon
 60697 | Zot:3    | Identified the ring "Juor Uth" {rPois Int+3 Stlth+} (You
                  | found it on level 3 of the Realm of Zot)
 60705 | Zot:3    | Killed an ancient lich
 60744 | Zot:3    | Identified the +2 helmet of Modesty {MR+ Regen+ Str-3
                  | Stlth+} (You found it on level 3 of the Realm of Zot)
 60872 | Zot:4    | Noticed a Killer Klown
 60942 | Zot:4    | Killed a Killer Klown
 61114 | Zot:5    | Entered Level 5 of the Realm of Zot
 61692 | Zot:4    | Noticed a golden dragon
 61748 | Zot:4    | Identified the +4 spear "Biozxev" {pierce, rPois Str+3
                  | Int-3 Dex+4}
 61852 | Zot:4    | Noticed a Killer Klown
 61865 | Zot:4    | Killed a Killer Klown
 61981 | Zot:4    | Noticed a golden dragon
 61981 | Zot:4    | Noticed a golden dragon
 62019 | Zot:4    | Killed a golden dragon
 62063 | Zot:4    | Killed a golden dragon
 62067 | Zot:4    | Killed a golden dragon
 62096 | Zot:4    | Noticed a golden dragon
 62113 | Zot:4    | Killed a golden dragon
 62134 | Zot:4    | Identified Oduriagij's Volume of Black Magic
 62212 | Zot:4    | Identified the +4 war axe of Vuwaloyme {venom, rN+ Str+3}
 62238 | Zot:4    | Noticed a golden dragon
 62255 | Zot:4    | Killed a golden dragon
 62530 | Zot:5    | Reached skill level 15 in Conjurations
 62530 | Zot:5    | Reached skill level 15 in Fire Magic
 62724 | Zot:5    | Noticed a golden dragon
 62735 | Zot:5    | Killed a golden dragon
 62871 | Zot:5    | Noticed a golden dragon
 62913 | Zot:5    | Killed a golden dragon
 63044 | Zot:5    | Noticed an ancient lich
 63052 | Zot:5    | Killed an ancient lich
 63117 | Zot:5    | Noticed an orb of fire
 63129 | Zot:5    | Gained mutation: Scrolls take you a little longer to read.
                  | [an orb of fire]
 63131 | Zot:5    | Killed an orb of fire
 63291 | Zot:5    | Noticed a Killer Klown
 63364 | Zot:5    | Killed a Killer Klown
 63529 | Zot:5    | Noticed an orb of fire
 63537 | Zot:5    | Gained mutation: Your magical capacity is low. (-10% MP)
                  | [an orb of fire]
 63541 | Zot:5    | Killed an orb of fire
 63614 | Zot:5    | Noticed an orb of fire
 63623 | Zot:5    | Killed an orb of fire
 63669 | Zot:5    | Noticed a Killer Klown
 63684 | Zot:5    | Killed a Killer Klown
 63703 | Zot:5    | Noticed an ancient lich
 63708 | Zot:5    | Noticed an ancient lich
 63712 | Zot:5    | Killed an ancient lich
 63721 | Zot:5    | Killed an ancient lich
 64127 | Zot:5    | Noticed an orb of fire
 64154 | Zot:5    | Killed an orb of fire
 64273 | Zot:5    | Noticed a Killer Klown
 64296 | Zot:5    | Killed a Killer Klown
 64392 | Zot:5    | Lost mutation: You are agile. (Dex +2) [potion of mutation]
 64392 | Zot:5    | Lost mutation: Your magical capacity is low. (-10% MP)
                  | [potion of mutation]
 64392 | Zot:5    | Lost mutation: Scrolls take you a little longer to read.
                  | [potion of mutation]
 64392 | Zot:5    | Gained mutation: Scrolls take you a little longer to read.
                  | [potion of mutation]
 64392 | Zot:5    | Gained mutation: Your flesh is cold resistant. (rC+)
                  | [potion of mutation]
 64393 | Zot:5    | Lost mutation: Your flesh is cold resistant. (rC+) [potion
                  | of mutation]
 64393 | Zot:5    | Lost mutation: Scrolls take you a little longer to read.
                  | [potion of mutation]
 64393 | Zot:5    | Lost mutation: You are somewhat resistant to further
                  | mutation. [potion of mutation]
 64393 | Zot:5    | Gained mutation: You are weak. (Str -2) [potion of
                  | mutation]
 64393 | Zot:5    | Lost mutation: You are weak. (Str -2) [potion of mutation]
 64393 | Zot:5    | Gained mutation: You expend magic power (3 MP) to
                  | strengthen your wands. [potion of mutation]
 64393 | Zot:5    | Gained mutation: Your system is resistant to poisons.
                  | (rPois) [potion of mutation]
 64860 | Vaults:3 | Entered Level 3 of the Vaults
 64860 | Vaults:3 | Noticed a juggernaut
 64884 | Vaults:3 | Killed a juggernaut
 64893 | Vaults:3 | Identified the +5 ring mail "Xazyin" {rElec rPois Str-2}
 64915 | Vaults:3 | Identified the cursed +3 hand axe "Plog" {chop, rN+ Str+3
                  | Dex+4 Stlth+}
 64915 | Vaults:3 | Identified the +1 plate armour "Wikuapp" {-Tele Dex+5}
 65017 | Vaults:3 | Identified the +8 fustibalus of Punishment {velocity,
                  | +Blink rF- Str+2 Dex+7}
 65093 | Vaults:3 | Identified the Incunabulum of Unholy Transformation
 65540 | Vaults:3 | Noticed a juggernaut
 65571 | Vaults:3 | Killed a juggernaut
 66015 | Vaults:3 | Noticed Bai Suzhen
 66064 | Vaults:3 | Killed Bai Suzhen
 66074 | Vaults:3 | Got a silver rune of Zot
 66316 | Vaults:3 | Identified the Almanac of Enhancements
 66430 | Vaults:3 | Identified the +3 spear of Shrieking Tenacity {pain, Str+5
                  | Int+2}
 66431 | Vaults:3 | Found the +6 shillelagh "Devastator" {shatter}
 66439 | Vaults:3 | Identified the Papyrus of the Nocuous Frostbite
 66795 | Depths:2 | Voluntarily entered the Abyss.
 66848 | Abyss:2  | Learned a level 2 spell: Passwall
 67465 | Abyss:3  | Found a sparkling altar of Nemelex Xobeh.
 67907 | Abyss:3  | Found a blossoming altar of Fedhas.
 68055 | Abyss:3  | Noticed an ancient lich
 68058 | Abyss:3  | Killed an ancient lich
 68513 | Abyss:4  | Noticed an ancient lich
 68519 | Abyss:4  | Killed an ancient lich
 68665 | Abyss:5  | Entered Level 5 of the Abyss
 68665 | Abyss:5  | Entered Level 5 of the Abyss
 68718 | Abyss:5  | Identified the ring "Righoic" {Wiz +Fly Str+3 Dex-3} (You
                  | acquired it on level 5 of the Abyss)
 69233 | Depths:2 | Escaped the Abyss
 69377 | Depths:5 | Learned a level 8 spell: Glaciate
 69501 | Geh:1    | Entered Level 1 of Gehenna
 69832 | Geh:2    | Entered Level 2 of Gehenna
 70482 | Geh:2    | Identified the cursed +0 arbalest of Resourcefulness
                  | {penet, Dex+4}
 70752 | Geh:2    | Identified the +7 sceptre of Asmodeus
 70752 | Geh:2    | Noticed Asmodeus
 70784 | Geh:2    | Killed Asmodeus
 70816 | Geh:2    | Got an obsidian rune of Zot
 71023 | Depths:4 | Voluntarily entered the Abyss.
 71396 | Abyss:3  | Found a corrupted altar of Lugonu.
 71684 | Abyss:4  | Found a corrupted altar of Lugonu.
 71722 | Abyss:5  | Entered Level 5 of the Abyss
 71722 | Abyss:5  | Entered Level 5 of the Abyss
 72163 | Abyss:5  | Found a transporter.
 72249 | Abyss:5  | Found a transporter.
 72263 | Abyss:5  | Found a transporter.
 72287 | Abyss:5  | Got an abyssal rune of Zot
 72337 | Abyss:5  | Found a transporter.
 72348 | Abyss:5  | Found a transporter.
 72418 | Abyss:5  | Found a transporter.
 72700 | Abyss:5  | Reached skill level 27 in Spellcasting
 72879 | Abyss:5  | Noticed an ancient lich
 72894 | Abyss:5  | Killed an ancient lich
 73116 | Abyss:5  | Identified the Papyrus of the Feathery Frostbite
 73128 | Depths:4 | Escaped the Abyss
 73193 | Depths:5 | Learned a level 8 spell: Ignition
 73236 | Depths:4 | Voluntarily entered the Abyss.
 73272 | Abyss:4  | Identified the ring of Kueb {+Fly rElec Slay+2 Stlth-}
 73755 | Abyss:5  | Entered Level 5 of the Abyss
 73755 | Abyss:5  | Entered Level 5 of the Abyss
 73759 | Abyss:5  | Found a corrupted altar of Lugonu.
 73780 | Abyss:5  | Found a corrupted altar of Lugonu.
 73791 | Abyss:5  | Found a burning altar of Makhleb.
 73832 | Abyss:5  | Noticed an ancient lich
 73838 | Abyss:5  | Killed an ancient lich
 73851 | Depths:4 | Escaped the Abyss
 74357 | Tomb:1   | Noticed a greater mummy
 74357 | Tomb:1   | Noticed a greater mummy
 74360 | Tomb:1   | Noticed a greater mummy
 74396 | Tomb:1   | Killed a greater mummy
 74397 | Tomb:1   | Killed a greater mummy
 74398 | Tomb:1   | Killed a greater mummy
 74511 | Tomb:1   | Noticed a greater mummy
 74518 | Tomb:1   | Killed a greater mummy
 74842 | Tomb:1   | Reached skill level 27 in Ice Magic
 74957 | Tomb:2   | Noticed a greater mummy
 74958 | Tomb:2   | Noticed a greater mummy
 74958 | Tomb:2   | Noticed a greater mummy
 74961 | Tomb:2   | Noticed a greater mummy
 74976 | Tomb:2   | Killed a greater mummy
 74976 | Tomb:2   | Killed a greater mummy
 74980 | Tomb:2   | Killed a greater mummy
 74985 | Tomb:2   | Killed a greater mummy
 75292 | Tomb:1   | Noticed a greater mummy
 75293 | Tomb:1   | Noticed a greater mummy
 75294 | Tomb:1   | Noticed a greater mummy
 75297 | Tomb:1   | Killed a greater mummy
 75301 | Tomb:1   | Killed a greater mummy
 75301 | Tomb:1   | Killed a greater mummy
 75328 | Tomb:1   | Noticed a greater mummy
 75334 | Tomb:1   | Noticed a greater mummy
 75335 | Tomb:1   | Killed a greater mummy
 75337 | Tomb:1   | Noticed a greater mummy
 75340 | Tomb:1   | Killed a greater mummy
 75346 | Tomb:1   | Noticed a greater mummy
 75348 | Tomb:1   | Killed a greater mummy
 75353 | Tomb:1   | Killed a greater mummy
 75472 | Tomb:1   | Noticed a greater mummy
 75483 | Tomb:1   | Killed a greater mummy
 75542 | Tomb:1   | Noticed a greater mummy
 75552 | Tomb:1   | Killed a greater mummy
 75552 | Tomb:1   | Noticed a greater mummy
 75563 | Tomb:1   | Killed a greater mummy
 75605 | Tomb:1   | Noticed a greater mummy
 75612 | Tomb:1   | Killed a greater mummy
 75631 | Tomb:1   | Noticed a greater mummy
 75643 | Tomb:1   | Killed a greater mummy
 75662 | Tomb:1   | Noticed a greater mummy
 75667 | Tomb:1   | Killed a greater mummy
 75743 | Tomb:1   | Noticed a greater mummy
 75772 | Tomb:1   | Killed a greater mummy
 75772 | Tomb:1   | Noticed a greater mummy
 75777 | Tomb:1   | Killed a greater mummy
 76002 | Tomb:3   | Entered Level 3 of the Tomb of the Ancients
 76020 | Tomb:3   | Noticed a greater mummy
 76023 | Tomb:3   | Found the +8 storm bow {lightning, rElec Stlth-}
 76039 | Tomb:3   | Identified the ring of Buqurub {Wiz MR+}
 76046 | Tomb:3   | Killed a greater mummy
 76051 | Tomb:3   | Noticed a greater mummy
 76052 | Tomb:3   | Noticed a greater mummy
 76054 | Tomb:3   | Noticed a greater mummy
 76058 | Tomb:3   | Noticed an ancient lich
 76060 | Tomb:3   | Killed a greater mummy
 76060 | Tomb:3   | Killed a greater mummy
 76060 | Tomb:3   | Noticed a greater mummy
 76062 | Tomb:3   | Noticed a greater mummy
 76069 | Tomb:2   | Killed a greater mummy
 76218 | Tomb:3   | Noticed a greater mummy
 76225 | Tomb:3   | Killed a greater mummy
 76235 | Tomb:3   | Killed a greater mummy
 76237 | Tomb:3   | Noticed a greater mummy
 76241 | Tomb:3   | Killed an ancient lich
 76244 | Tomb:3   | Killed a greater mummy
 76245 | Tomb:3   | Killed a greater mummy
 76338 | Tomb:3   | Identified the +8 morningstar "Jocwuedgh" {crush, rPois}
 76357 | Tomb:3   | Identified the +2 leather armour of the Tuna {rC- MR+
                  | Str+4}
 76388 | Tomb:3   | Identified the Tome of Evil and Calling
 76489 | Tomb:3   | Identified the cursed +0 scale mail of the Past {rC+ MR-
                  | Str+4 Int+9}
 76568 | Tomb:3   | Got a golden rune of Zot
 77323 | Depths:5 | Identified the cursed +1 short sword of Breach {elec,
                  | *Contam +Fly MR+}
 77579 | Depths:5 | Identified the +2 scale mail of Pride {rC+ Dex-5 Slay+2}
 77663 | Depths:5 | Identified the +0 pair of gloves of the Barber Surgeon
                  | {Str+6} (You acquired it on level 5 of the Depths)
 77663 | Depths:5 | Identified the ring of Gibiyqon {Ice rPois} (You acquired
                  | it on level 5 of the Depths)
 77663 | Depths:5 | Identified the Papyrus of Attacks and Hexes (You acquired
                  | it on level 5 of the Depths)
 77783 | Abyss:5  | Entered Level 5 of the Abyss
 77783 | Abyss:5  | Entered Level 5 of the Abyss
 78227 | Abyss:5  | Paralysed by accursed screaming for 1 turns
 78394 | Abyss:5  | Found a shattered altar of Ashenzari.
 78455 | Abyss:5  | Found a radiant altar of Vehumet.
 78498 | Abyss:5  | Found a radiant altar of Vehumet.
 78756 | Depths:3 | Escaped the Abyss
 78767 | Abyss:5  | Entered Level 5 of the Abyss
 78767 | Abyss:5  | Entered Level 5 of the Abyss
 78787 | Depths:3 | Escaped the Abyss
 78878 | Abyss:5  | Entered Level 5 of the Abyss
 78878 | Abyss:5  | Entered Level 5 of the Abyss
 78931 | Abyss:5  | Found a corrupted altar of Lugonu.
 79325 | Abyss:5  | Found a corrupted altar of Lugonu.
 79372 | Depths:2 | Escaped the Abyss
 79386 | Depths:2 | Learned a level 9 spell: Shatter
 79388 | Abyss:5  | Entered Level 5 of the Abyss
 79388 | Abyss:5  | Entered Level 5 of the Abyss
 79476 | Depths:2 | Escaped the Abyss
 79548 | Coc:1    | Entered Level 1 of Cocytus
 80417 | Coc:2    | Entered Level 2 of Cocytus
 80773 | Coc:2    | Identified the +1 leather armour of the Unseen Realm {rF+
                  | Regen+ Dex-3}
 80846 | Coc:2    | Identified the Disquisition on Flight
 81342 | Coc:2    | Identified the Disquisition on Conjuration and
                  | Weightlessness
 81347 | Coc:2    | Identified the +5 lajatang "Ineicw" {slice, Dex+2}
 81474 | Coc:2    | Reached skill level 27 in Dodging
 81519 | Coc:2    | Noticed Antaeus
 81589 | Coc:2    | Killed Antaeus
 81888 | Coc:2    | Got an icy rune of Zot
 82095 | Zig:1    | Entered Level 1 of a ziggurat
 82111 | Zig:2    | Entered Level 2 of a ziggurat
 82133 | Zig:2    | Identified the ring of Firoatz {Ice Str+4}
 82144 | Zig:3    | Entered Level 3 of a ziggurat
 82166 | Zig:4    | Entered Level 4 of a ziggurat
 82200 | Zig:5    | Entered Level 5 of a ziggurat
 82221 | Zig:5    | Identified the +11 rapier of the Enchanted Forest {freeze,
                  | +Rage rN+++ Dex-2}
 82229 | Zig:6    | Entered Level 6 of a ziggurat
 82251 | Zig:6    | Identified the ring "Uttugie" {Str+3 Stlth++}
 82259 | Zig:6    | Identified the cursed +1 ring mail of Ongun {rF+ rC+ rCorr
                  | SInv}
 82283 | Zig:7    | Entered Level 7 of a ziggurat
 82312 | Zig:7    | Identified the ring "Puvinov" {*Contam Str+7 SInv}
 82324 | Zig:8    | Entered Level 8 of a ziggurat
 82336 | Zig:8    | Found the +8 orange crystal plate armour {Archmagi, Int+3
                  | Clar}
 82365 | Zig:8    | Identified the +6 quick blade "Diynneur" {flame, rElec rF-
                  | Str+5 Stlth+}
 82378 | Zig:9    | Entered Level 9 of a ziggurat
 82397 | Zig:9    | Reached skill level 15 in Evocations
 82429 | Zig:10   | Entered Level 10 of a ziggurat
 82504 | Zig:11   | Entered Level 11 of a ziggurat
 82516 | Zig:11   | Found the +2 hat of the Bear Spirit {Spirit, +Rage rN+
                  | MR++}
 82544 | Zig:11   | Identified the +7 shortbow of the Revolution {velocity,
                  | -Tele *Corrode MR+ Int+5}
 82550 | Zig:11   | Identified Taxujoc's Compendium of Bewitchment and
                  | Transmutation
 82552 | Zig:11   | Identified the Guide on Earthen Flight
 82559 | Zig:12   | Entered Level 12 of a ziggurat
 82595 | Zig:12   | Identified the cursed +0 battleaxe "Heduj" {flame, +Fly
                  | rPois rN+}
 82607 | Zig:12   | Identified the +10 triple sword "Joitziat" {drain, Int+2
                  | Stlth+}
 82610 | Zig:12   | Identified the +1 helmet of Courage {rF- rN+++ Regen+
                  | Int-3}
 82621 | Zig:13   | Entered Level 13 of a ziggurat
 82636 | Zig:13   | Found the +1 cloak of Starlight {rElec rC+ EV+4 Stlth--}
 82693 | Zig:14   | Entered Level 14 of a ziggurat
 82731 | Zig:14   | Identified the +9 long sword "Seoprot" {drain, Dex+6}
 82732 | Zig:14   | Identified the cursed +1 broad axe "Antoer" {chop, rF+ rN+
                  | Dex+2}
 82742 | Zig:14   | Identified the amulet "Fataqoc" {Reflect rElec SH+4}
 82749 | Zig:14   | Identified the ring "Titt" {rN++ Str+6 Stlth--}
 82763 | Zig:14   | Identified the +11 triple sword of Impermanence {flame,
                  | *Contam +Inv MR+ Str+4}
 82766 | Zig:15   | Entered Level 15 of a ziggurat
 82773 | Zig:15   | Noticed a greater mummy
 82773 | Zig:15   | Noticed a greater mummy
 82778 | Zig:15   | Noticed a greater mummy
 82780 | Zig:15   | Killed a greater mummy
 82783 | Zig:15   | Killed a greater mummy
 82785 | Zig:15   | Killed a greater mummy
 82795 | Zig:15   | Identified the amulet "Varazutu" {Faith Dex+2}
 82800 | Zig:15   | Identified the +6 whip "Isownoph" {slash, SInv}
 82807 | Zig:15   | Identified the ring "Imysox" {*Slow +Fly rElec rF+ Dex+6}
 82816 | Zig:15   | Identified the cursed +2 great sword of the Unkillable
                  | {slice, Str+5}
 82855 | Zig:16   | Entered Level 16 of a ziggurat
 82900 | Zig:16   | Identified the +7 plate armour "Uramuive" {+Blink rC+}
 82904 | Zig:16   | Reached skill level 10 in Invocations
 82909 | Zig:16   | Identified the cursed ring "Gyhick Soxi" {*Tele rPois rC+++
                  | Dex-3 Slay+3}
 82920 | Zig:17   | Entered Level 17 of a ziggurat
 82930 | Zig:17   | Noticed Ineleada the pandemonium lord
 82935 | Zig:17   | Gained mutation: Your body sometimes deteriorates upon
                  | taking damage. [a cacodemon]
 82945 | Zig:17   | Killed Ineleada the pandemonium lord
 82987 | Zig:17   | Identified the +1 spear "Caeboim" {drain, rElec rPois rN++
                  | Int-4}
 82995 | Zig:18   | Entered Level 18 of a ziggurat
 83015 | Zig:18   | Noticed Ypel the pandemonium lord
 83026 | Zig:18   | Found the +3 hat of Pondering {ponderous, MR+ MP+10 Int+5}
 83033 | Zig:18   | Killed Ypel the pandemonium lord
 83043 | Zig:18   | Lost mutation: Your body sometimes deteriorates upon taking
                  | damage. [potion of mutation]
 83043 | Zig:18   | Lost mutation: You expend magic power (3 MP) to strengthen
                  | your wands. [potion of mutation]
 83043 | Zig:18   | Lost mutation: Your system is resistant to poisons. (rPois)
                  | [potion of mutation]
 83043 | Zig:18   | Gained mutation: You are resistant to electric shocks.
                  | (rElec) [potion of mutation]
 83043 | Zig:18   | Gained mutation: Your spells are a little harder to cast,
                  | but a little more powerful. [potion of mutation]
 83050 | Zig:18   | Identified the ring of Sebaec {Dex+2 Stlth++}
 83086 | Zig:19   | Entered Level 19 of a ziggurat
 83096 | Zig:19   | Noticed a juggernaut
 83098 | Zig:19   | Noticed a juggernaut
 83099 | Zig:19   | Noticed a juggernaut
 83100 | Zig:19   | Noticed a juggernaut
 83100 | Zig:19   | Noticed a juggernaut
 83104 | Zig:19   | Killed a juggernaut
 83104 | Zig:19   | Killed a juggernaut
 83105 | Zig:19   | Killed a juggernaut
 83105 | Zig:19   | Killed a juggernaut
 83106 | Zig:19   | Killed a juggernaut
 83130 | Zig:19   | Identified the Catalogue of Nihilism
 83173 | Zig:20   | Entered Level 20 of a ziggurat
 83188 | Zig:20   | Lost mutation: Your spells are a little harder to cast, but
                  | a little more powerful. [a cacodemon]
 83200 | Zig:20   | HP: 5/171 [Executioner (17)]
 83200 | Zig:20   | Slain by an Executioner

Skill      XL: |  1  2  3  4  5  6  7  8  9 10 11 12 13 14 15 16 17 18 19 20 21 22 23 24 25 26 27 |
---------------+----------------------------------------------------------------------------------+-----
Fighting       | 2 3 4 6 10 | 10.1
Dodging        | 3 6 7 8 10 13 15 16 17 19 20 27 | 27.0
Spellcasting   | 3 5 7 8 9 14 15 16 17 18 20 22 27 | 27.0
Crossbows      | 2 4 5 8 10 | 10.0
Translocations | 4 5 10 13 15 | 15.0
Evocations     | 1 3 5 8 10 24 | 24.9
Air Magic      | 4 8 9 11 15 18 23 | 23.0
Poison Magic   | 5 |  5.0
Ice Magic      | 5 7 8 11 14 15 17 18 27 | 27.0
Invocations    | 2 6 11 | 11.8
Shields        | 1 5 10 14 17 | 17.0
Necromancy     | 4 9 10 12 15 | 15.0
Earth Magic    | 13 15 25 | 25.0
Conjurations   | 9 25 | 25.0
Fire Magic     | 9 25 | 25.0

Action                   |  1- 3 |  4- 6 |  7- 9 | 10-12 | 13-15 | 16-18 | 19-21 | 22-24 | 25-27 || total
-------------------------+-------+-------+-------+-------+-------+-------+-------+-------+-------++-------
Melee: Dagger            |   176 |    57 |       |       |       |       |       |       |       ||   233
       Morningstar       |       |     9 |    10 |       |       |       |       |       |       ||    19
       Rapier            |       |     2 |   408 |    17 |       |       |       |       |       ||   427
       Hand axe          |       |       |   140 |   490 |   895 |   126 |       |       |       ||  1651
       Demon whip        |       |       |       |       |       |    74 |   241 |    83 |   150 ||   548
       Sacred scourge    |       |       |       |       |       |       |       |       |    12 ||    12
       Hand crossbow     |       |       |       |       |       |       |       |       |     3 ||     3
 Fire: Hand crossbow     |     7 |    56 |    33 |    18 |    94 |   353 |   527 |   532 |  2612 ||  4232
Throw: Stone             |       |       |    15 |       |       |       |       |       |       ||    15
       Tomahawk          |       |       |    12 |    49 |   188 |    87 |    24 |       |       ||   360
 Cast: Blink Other       |     3 |    12 |    23 |    15 |    47 |    50 |    15 |    35 |    23 ||   223
       Portal Projectile |     1 |     8 |     5 |       |    20 |    50 |    97 |    76 |   231 ||   488
       Teleport Other    |       |       |     6 |     4 |     1 |     2 |       |       |     2 ||    15
       Blink             |       |       |     8 |    22 |    19 |    76 |    80 |    81 |   228 ||   514
       Apportation       |       |       |     1 |       |    44 |    21 |    14 |    32 |   162 ||   274
       Mephitic Cloud    |       |       |       |    34 |    61 |    18 |     8 |       |       ||   121
       Summon Lightning  |       |       |       |     2 |   113 |   151 |    91 |    75 |   141 ||   573
       Freezing Cloud    |       |       |       |       |    61 |   189 |    79 |    51 |    91 ||   471
       Regeneration      |       |       |       |       |    22 |    27 |    29 |    37 |   133 ||   248
       Ozocubu's Refrige |       |       |       |       |    11 |     3 |    37 |    64 |   113 ||   228
       Airstrike         |       |       |       |       |       |    60 |    93 |   254 |   267 ||   674
       Lee's Rapid Decon |       |       |       |       |       |    17 |    56 |    74 |   286 ||   433
       Borgnjor's Vile C |       |       |       |       |       |       |    48 |    52 |   111 ||   211
       Dispel Undead     |       |       |       |       |       |       |     3 |    18 |   417 ||   438
       Sublimation of Bl |       |       |       |       |       |       |     2 |    83 |   796 ||   881
       Controlled Blink  |       |       |       |       |       |       |       |     1 |    20 ||    21
       Glaciate          |       |       |       |       |       |       |       |       |   629 ||   629
       Fire Storm        |       |       |       |       |       |       |       |       |   167 ||   167
       Ignition          |       |       |       |       |       |       |       |       |    55 ||    55
       Passwall          |       |       |       |       |       |       |       |       |    43 ||    43
       Shatter           |       |       |       |       |       |       |       |       |    27 ||    27
Invok: Lesser Servant of |       |       |       |       |     3 |       |       |       |       ||     3
       Minor Destruction |       |       |       |       |     1 |       |       |       |       ||     1
       Major Destruction |       |       |       |       |       |     2 |       |       |       ||     2
 Abil: Stop Flying       |       |       |       |       |       |     1 |     1 |     1 |     3 ||     6
       Fly               |       |       |       |       |       |     1 |     1 |       |     3 ||     5
Evoke: Wand              |       |       |     1 |     3 |    14 |     1 |     1 |     3 |     9 ||    32
       Sack of spiders   |       |       |       |       |       |       |     2 |       |     2 ||     4
       Lamp of fire      |       |       |       |       |       |       |     2 |       |     5 ||     7
       Box of beasts     |       |       |       |       |       |       |     2 |       |       ||     2
       Phial of floods   |       |       |       |       |       |       |     1 |       |       ||     1
       Phantom mirror    |       |       |       |       |       |       |     1 |       |       ||     1
       Lightning rod     |       |       |       |       |       |       |       |       |     6 ||     6
  Use: Potion            |       |     3 |       |     5 |     4 |     2 |     5 |     1 |    32 ||    52
       Scroll            |       |       |     5 |     9 |    14 |     6 |    11 |       |    38 ||    83
 Stab: Paralysed         |       |       |     6 |       |       |       |       |       |       ||     6
       Confused          |       |       |       |    17 |    28 |     2 |       |       |       ||    47
       Distracted        |       |       |       |     1 |     6 |       |     6 |     1 |     1 ||    15
       Petrified         |       |       |       |       |     4 |       |       |       |       ||     4
  Eat: Chunk             |     7 |     5 |    40 |    33 |    77 |    54 |    39 |    52 |   104 ||   411
       Ration            |       |     1 |       |       |     3 |     5 |     9 |       |    31 ||    49
Armor: Skin              |    26 |    13 |    65 |    76 |   119 |    42 |    42 |    30 |   404 ||   817
Dodge: Dodged            |   129 |    51 |   429 |   449 |   989 |   363 |   234 |   346 |  2752 ||  5742
       Deflected         |       |       |       |       |       |    51 |    48 |    27 |    74 ||   200
Block: Other             |    30 |    14 |   167 |   322 |   356 |       |       |       |       ||   889
       Reflection        |       |       |     1 |     4 |     3 |       |       |       |       ||     8
       Buckler           |       |       |       |       |    86 |   489 |   462 |   524 |  4338 ||  5899
